 Dungeon Crawl Stone Soup version 0.31-a0-5-g84e6b3452c (webtiles) character file.

Game seed: 9538276777928817846

634 Glokmah the Poker (level 7, -4/56 HPs)
             Began as a Human Fighter on May 5, 2023.
             Was an Initiate of Gozag.
             Succumbed to a water moccasin's poison
             ... on level 4 of the Dungeon.
             The game lasted 00:12:26 (2941 turns).

Glokmah the Poker (Human Fighter)                   Turns: 2941, Time: 00:12:26

Health: -4/56      AC: 12    Str: 18    XL:     7   Next: 78%
Magic:  0/7        EV:  5    Int:  8    God:    Gozag
Gold:   200        SH:  4    Dex: 13    Spells: 6/6 levels left

rFire   . . .        a - +0 trident
rCold   . . .        c - +0 buckler
rNeg    + . .        y - +0 plate armour
rPois   .            (no helmet)
rElec   .            (no cloak)
rCorr   .            A - +0 pair of gloves
SInv    .            (no boots)
Will    .....        s - amulet of guardian spirit Stlth
                     q - ring of positive energy
HPRegen 0.29/turn    C - ring of flight
MPRegen 0.10/turn

%: guardian spirit
@: brilliant, lethally poisoned (-4 -> -26), gold aura, flying
A: no striking features
a: Renounce Religion, Potion Petition, Call Merchant, Bribe Branch


You were on level 4 of the Dungeon.
You worshipped Gozag.
Gozag was aware of your devotion.
You visited 1 branch of the dungeon, and saw 5 of its levels.

You collected 248 gold pieces.
You paid 48 gold pieces to Gozag.

Inventory:

Hand Weapons
 a - a +0 trident (weapon)
Missiles
 e - 33 stones
 i - 5 poisoned darts
 l - 11 boomerangs (quivered)
 p - 4 atropa-tipped darts
 E - a throwing net
Armour
 c - a +0 buckler (worn)
 y - a +0 plate armour (worn)
 A - a +0 pair of gloves (worn)
Jewellery
 q - a ring of positive energy (left hand)
 r - a ring of wizardry
 s - an amulet of guardian spirit (around neck)
 z - an amulet of magic regeneration
 C - a ring of flight (right hand)
Wands
 g - a wand of roots (1)
 D - a wand of quicksilver (6)
Scrolls
 b - a scroll of enchant weapon {unknown}
 f - 2 scrolls of immolation
 h - a scroll of vulnerability
 m - a scroll of identify
 v - 2 scrolls of teleportation
 B - a scroll of fear
 F - a scroll of blinking {unknown}
Potions
 d - 2 potions of might
 j - a potion of attraction {unknown}
 k - a potion of cancellation {unknown}
 n - a potion of degeneration {unknown}
 o - a potion of haste {unknown}
 u - a potion of resistance {unknown}
 x - a potion of flight {unknown}


   Skills:
 + Level 5.4 Fighting
 * Level 6.7 Polearms
 - Level 3.0 Armour
 - Level 3.0 Shields


You had 6 spell levels left.
You didn't know any spells.
Your spell library contained the following spells:

 Spells                   Type           Power      Damage    Failure   Level
 Ozocubu's Armour         Ice            0%         N/A       100%        3
 Metabolic Englaciation   Hex/Ice        0%         N/A       100%        5
 Simulacrum               Ice/Necr       Unusable   N/A       N/A         6

Dungeon Overview and Level Annotations

Branches:
Dungeon (5/15)             Temple (0/1) D:4

Altars:
Gozag
Nemelex Xobeh
Qazlal

Annotations:
D:4 Dowan, Duvessa


Message History

You are lethally poisoned!
The water moccasin poisons you!
You feel better. The water moccasin bites you.
Aiming: Fastroot
Press: ? - help, Shift-Dir - straight line The roots erupt in riotous growth!
Roots grab the water moccasin.
The grasping roots constrict the water moccasin.
The water moccasin bites you but does no damage.
The grasping roots constrict the water moccasin!
The roots release their grip on the water moccasin.
The water moccasin barely misses you.
You puncture the water moccasin!
The water moccasin is severely wounded.
The water moccasin bites you but does no damage.
You hit the water moccasin.
The water moccasin is severely wounded.
The water moccasin bites you.
* * * LOW HITPOINT WARNING * * *
You are lethally poisoned!
The water moccasin poisons you! The water moccasin bites you.
* * * LOW HITPOINT WARNING * * *
You are more poisoned.
The water moccasin poisons you!
Aiming: Fastroot
Press: ? - help, Shift-Dir - straight line The roots erupt in riotous growth!
Roots grab the water moccasin.
The grasping roots constrict the water moccasin.
* * * LOW HITPOINT WARNING * * *
You feel extremely sick. The water moccasin bites you!
* * * LOW HITPOINT WARNING * * *
Okay, then.
It was a potion of brilliance.
You feel clever all of a sudden.
The grasping roots constrict the water moccasin!
You kill the water moccasin!
You die...
Your body crumbles into a pile of gold.

### #..####........#
#.#### ##.###.)#
#.##...#.# #....#
....##..####.##...#.#
####.#
....[........##...#>##
#.#
#...##..####.........#
#.#
##.###..##...........#
#.# ###
#..##.#.........# #.#
#..........$>#### #.#
##.##.####.@.# #.#
#.##........# #.#
#.########.## #.# #..#
#.########## #.# ##.#
#.#........# #.#
#.#######.#.######.#
#.# #.......#.#>#
###.###.#
#######.#.#.#
#.......# #.#.#.#
#.#.#####


There were no monsters in sight!

Vanquished Creatures
  Grinder (D:4)
  A water moccasin (D:4)
  Blork the orc (D:4)
  2 scorpions (D:3)
  2 hounds (D:4)
  An orc priest (D:3)
  Ijyb (D:4)
  An iguana (D:3)
  2 adders (D:3)
  3 worms (D:2)
  3 dart slugs
  5 orcs
  8 bats
  9 endoplasms
  A giant cockroach (D:3)
  6 goblins
  6 hobgoblins
  2 jackals (D:1)
  4 kobolds
  3 quokkas
  2 ball pythons
  5 frilled lizards
  2 rats
71 creatures vanquished.

Notes
Turn   | Place    | Note
-------+----------+-------------------------------------------
     0 | D:1      | Glokmah the Human Fighter began the quest for the Orb.
     0 | D:1      | Reached XP level 1. HP: 18/18 MP: 1/1
    91 | D:1      | Reached XP level 2. HP: 24/24 MP: 2/2
   200 | D:1      | Reached XP level 3. HP: 25/29 MP: 3/3
   270 | D:1      | Reached skill level 3 in Polearms
   723 | D:2      | Reached XP level 4. HP: 28/35 MP: 4/4
  1220 | D:3      | Noticed a scorpion
  1229 | D:3      | Killed a scorpion
  1230 | D:3      | Reached skill level 4 in Polearms
  1230 | D:3      | Reached XP level 5. HP: 29/42 MP: 5/5
  1481 | D:3      | Reached skill level 5 in Polearms
  1481 | D:3      | Reached XP level 6. HP: 47/49 MP: 6/6
  1498 | D:3      | You fall into a shaft and drop 2 floors!
  1498 | D:5      | Entered Level 5 of the Dungeon
  1573 | D:4      | Found an opulent altar of Gozag.
  1576 | D:4      | Found a stormy altar of Qazlal.
  1580 | D:4      | Became a worshipper of Gozag Ym Sagoz the Greedy
  1801 | D:4      | Noticed Blork the orc
  1970 | D:4      | Noticed Grinder
  1970 | D:4      | Paralysed by Grinder for 2 turns
  2012 | D:4      | Killed Grinder
  2013 | D:4      | Reached skill level 5 in Fighting
  2013 | D:4      | Reached skill level 6 in Polearms
  2013 | D:4      | Reached XP level 7. HP: 30/56 MP: 4/7
  2339 | D:4      | Found a sparkling altar of Nemelex Xobeh.
  2462 | D:4      | Killed Blork the orc
  2546 | D:4      | Found a staircase to the Ecumenical Temple.
  2546 | D:4      | Noticed Duvessa
  2546 | D:4      | Noticed Dowan
  2546 | D:4      | Noticed Ijyb
  2716 | D:4      | Killed Ijyb
  2916 | D:5      | Noticed a water moccasin
  2940 | D:4      | HP: 1/56 [water moccasin (5)]
  2941 | D:4      | Killed a water moccasin
  2941 | D:4      | Succumbed to a water moccasin's poison

Illustrated notes

Levels and vault maps discovered:
D:1:      tarquinn_simple_flora_water_c, layout_rooms
D:2:      layout_rooms
D:3:      layout_rooms
D:4:      layout_loops_ring, grunt_temple_overflow_open,
          nemelex_diamond_rough_becter, temple_green, uniq_grinder,
          uniq_blork_the_orc, uniq_duvessa, uniq_ijyb
D:5:      layout_gridville, fedhas_altar_decomposition, cheibrodos_worm_habitat,
          serial_shops, nicolae_shop_drivethru

Skill      XL: |  1  2  3  4  5  6 |
---------------+-------------------+-----
Polearms       | 3 4 5 6 |  6.7
Fighting       | 4 5 |  5.4
Armour         | |  3.0
Shields        | |  3.0

Action                     |  1- 3 |  4- 6 |  7- 9 || total
---------------------------+-------+-------+-------++-------
  Melee: Trident           |   125 |   102 |    68 ||   295
  Throw: Dart              |       |     2 |       ||     2
         Boomerang         |       |    12 |    12 ||    24
  Evoke: Wand              |       |       |     2 ||     2
    Use: Scroll            |       |     9 |       ||     9
         Potion            |       |       |     3 ||     3
 Armour: Scale mail        |    40 |     2 |       ||    42
         Chain mail        |       |     9 |       ||     9
         Plate armour      |       |    31 |    42 ||    73
  Dodge: Dodged            |    51 |    18 |    18 ||    87
  Block: Buckler           |    27 |    10 |     9 ||    46

Table legend: (Time is in decaauts)
 A = Elapsed time spent in this place.
 B = Non-inter-level travel time spent in this place.
 C = Inter-level travel time spent in this place.
 D = Time resting spent in this place.
 E = Time spent auto-exploring this place.
 F = Levels seen in this place.
 G = Mean time per level.
                   A        B        C        D        E       F      G
               +--------+--------+--------+--------+--------+-----+--------+
         Total |   2992 |   2775 |    217 |    477 |    999 |   5 |  598.4 |
       Dungeon |   2992 |   2775 |    217 |    477 |    999 |   5 |  598.4 |
               +--------+--------+--------+--------+--------+-----+--------+

Top non-repeatable levels by time:
     D:3: 1017 daAuts
     D:4: 723 daAuts
     D:2: 582 daAuts
     D:1: 571 daAuts
     D:5: 97 daAuts
